 Dungeon Crawl Stone Soup version 0.21.0-37-g46506fa (webtiles) character file.

9 Monsterracer the Sneak (level 2, 0/19 HPs)
             Began as a Gnoll Enchanter on Feb 1, 2018.
             Slain by a hobgoblin
             ... wielding a cursed +0 club
              (8 damage)
             ... on level 1 of the Dungeon.
             The game lasted 00:01:08 (433 turns).

Monsterracer the Sneak (Gnoll Enchanter)             Turns: 433, Time: 00:01:09

Health: 0/19       AC:  2    Str: 10    XL:     2   Next: 12%
Magic:  6/7        EV: 14    Int: 17    God:
Gold:   0          SH:  0    Dex: 15    Spells: 7/10 levels left

rFire    . . .     SeeInvis .   a - +1 dagger
rCold    . . .     Gourm    .   (no shield)
rNeg     . . .     Faith    .   b - +0 robe
rPois    .         Spirit   .   (no helmet)
rElec    .         Reflect  .   (no cloak)
rCorr    .         Harm     .   (no gloves)
MR       .....                  (no boots)
Stlth    +++.......             (no amulet)
HPRegen  0.06/turn              (no ring)
MPRegen  0.10/turn              (no ring)

@: no status effects
A: distributed training, fangs 1, strong nose
a: no special abilities


You were on level 1 of the Dungeon.
You were not hungry.

You visited 1 branch of the dungeon, and saw 1 of its levels.

Inventory:

Hand Weapons
 a - a +1 dagger (weapon)
Armour
 b - a +0 robe (worn)
Scrolls
 e - a scroll of blinking {unknown}
 f - a scroll of fog {unknown}
Potions
 h - 2 potions of invisibility {unknown}
Books
 d - a book of Maledictions

   Spells                             Type                      Level
   a - Corona                         Hexes                        1
   b - Ensorcelled Hibernation        Hexes/Ice                    2
   c - Confuse                        Hexes                        3
   d - Tukima's Dance                 Hexes                        3
   e - Dazzling Spray                 Conjuration/Hexes            3
Comestibles
 c - 2 rations


   Skills:
 + Level 0.2 Fighting
 + Level 2.4 Short Blades
 + Level 0.2 Long Blades
 + Level 0.2 Axes
 + Level 0.2 Maces & Flails
 + Level 0.2 Polearms
 + Level 0.2 Staves
 + Level 0.2 Slings
 + Level 0.2 Bows
 + Level 0.2 Crossbows
 + Level 0.2 Throwing
 + Level 0.2 Armour
 + Level 4.4 Dodging
 + Level 5.9 Stealth
 + Level 0.2 Shields
 + Level 0.2 Unarmed Combat
 + Level 4.9 Spellcasting
 + Level 0.1 Conjurations
 + Level 5.3 Hexes
 + Level 0.1 Charms
 + Level 0.1 Summonings
 + Level 0.1 Necromancy
 + Level 0.1 Translocations
 + Level 0.1 Transmutations
 + Level 0.1 Fire Magic
 + Level 0.1 Ice Magic
 + Level 0.1 Air Magic
 + Level 0.1 Earth Magic
 + Level 0.1 Poison Magic
 + Level 0.3 Invocations
 + Level 0.2 Evocations


You had 7 spell levels left.
You knew the following spells:

 Your Spells              Type           Power        Failure   Level  Hunger
a - Corona                Hex            ###....      1%          1    None
b - Ensorcelled Hibernat  Hex/Ice        ##....       7%          2    #......


Dungeon Overview and Level Annotations

Branches:
Dungeon (1/15)

Altars:


Innate Abilities, Weirdness & Mutations

Your experience applies equally to all skills.
You have very sharp teeth.
Your uncanny sense of smell can sniff out nearby items.


Message History

Health restored: 19; MP restored: 7
h - 2 emerald potions Memorise Ensorcelled Hibernation, consuming 2 spell levels and leaving 7?
You start memorising the spell.
You continue memorising. x2
You finish memorising.
Spell assigned to 'b'.
The hobgoblin is too close now for your liking.
Found 15 gold pieces.
All of the chunks of flesh in your inventory have rotted away.
Found a scroll labeled WOH XEIREKHLO.
The giant cockroach waves its antennae.
The hobgoblin shouts!
You hit the giant cockroach.
You kill the giant cockroach!
The bat barely misses you.
You hit the hobgoblin.
The hobgoblin is moderately wounded.
The bat closely misses you. The hobgoblin misses you.
You hit the hobgoblin but do no damage.
The hobgoblin is moderately wounded.
The hobgoblin closely misses you.
A bat comes into view.
You barely miss the hobgoblin.
The hobgoblin is moderately wounded.
The bat misses you.
You barely miss the hobgoblin.
The hobgoblin is moderately wounded.
The bat closely misses you. The hobgoblin hits you with a club.
You take 1 damage, and have 18/19 hp.
You barely miss the hobgoblin.
The hobgoblin is moderately wounded.
The bat closely misses you. The hobgoblin closely misses you.
Casting: Corona
Confirm with . or Enter, or press ? or * to list all spells.
Aiming: Corona
Press: ? - help, Shift-Dir - straight line, f - bat
Aim: a bat (chance to defeat MR: 77%)
The bat is outlined in light.
The bat barely misses you. The hobgoblin hits you with a club.
You take 1 damage, and have 17/19 hp.
You now have 6/7 mp.
You completely miss the hobgoblin.
The hobgoblin is moderately wounded.
The bat completely misses you. The hobgoblin hits you with a club.
You take 4 damage, and have 13/19 hp.
MASSIVE DAMAGE!!
The bat completely misses you. The bat closely misses you.
The bat barely misses you. The bat completely misses you. The bat misses you.
The bat barely misses you. The bat hits you.
You take 1 damage, and have 12/19 hp.
The bat barely misses you. The bat hits you but does no damage.
The bat closely misses you. x2
The bat stops glowing.
The bat hits you but does no damage. x2
The bat closely misses you. The bat hits you.
You take 1 damage, and have 11/19 hp.
Casting: Corona
Confirm with . or Enter, or press ? or * to list all spells.
Aiming: Corona
Press: ? - help, Shift-Dir - straight line, f/p - bat
Aim: a bat (chance to defeat MR: 77%)
The bat is outlined in light.
The bat barely misses you.
You now have 5/7 mp.
The bat barely misses you. x2; The bat hits you but does no damage.
The hobgoblin throws a stone.
The stone hits you but does no damage.
You see here a stone.
The bat barely misses you.
You swing at nothing.
The bat barely misses you.
You hit the bat but do no damage. The bat hits you but does no damage.
The bat closely misses you.
You hit the bat.
You kill the bat!
The bat hits you.
You take 1 damage, and have 10/19 hp.
You barely miss the bat. The bat hits you but does no damage.
The hobgoblin throws a stone.
The stone closely misses you.
You swing at nothing.
You barely miss the bat. The bat hits you but does no damage.
Casting: Corona
Confirm with . or Enter, or press ? or * to list all spells.
Aiming: Corona
Press: ? - help, Shift-Dir - straight line, f/p - bat
Aim: a bat (chance to defeat MR: 77%)
The hobgoblin is outlined in light.
The hobgoblin barely misses you.
You now have 5/7 mp.
You hit the hobgoblin.
The hobgoblin is heavily wounded.
The hobgoblin barely misses you.
You hit the hobgoblin but do no damage.
The hobgoblin is heavily wounded.
The hobgoblin closely misses you.
You hit the hobgoblin but do no damage.
The hobgoblin is heavily wounded.
You hit the hobgoblin but do no damage.
You bite the hobgoblin, but do no damage.
The hobgoblin is heavily wounded.
The hobgoblin hits you with a club.
* * * LOW HITPOINT WARNING * * *
You take 3 damage, and have 8/19 hp.
You hit the hobgoblin but do no damage.
The hobgoblin is heavily wounded.
The hobgoblin hits you with a club!
You die...

####### #....(### #.#
#...######
###.###........#
#......†..####.#
#...#.#@### #...#.#g#
#######......b#
.........#.##.###
####.........########
##......#........#
###.####........#
#... #...!....#
#.#.##†......?#


You could see a hobgoblin and a bat.

Vanquished Creatures
  A dart slug (D:1)
  A giant cockroach (D:1)
  3 bats (D:1)
  A frilled lizard (D:1)
  A kobold (D:1)
  2 rats (D:1)
9 creatures vanquished.

Notes
Turn   | Place    | Note
-------+----------+-------------------------------------------
     0 | D:1      | Monsterracer the Gnoll Enchanter began the quest for the Orb.
     0 | D:1      | Reached XP level 1. HP: 13/13 MP: 6/6
    75 | D:1      | HP: 3/13 [kobold/short sword (5)]
    96 | D:1      | HP: 1/13 [kobold/short sword (3)]
   384 | D:1      | Reached XP level 2. HP: 19/19 MP: 7/7
   393 | D:1      | Learned a level 2 spell: Ensorcelled Hibernation
   432 | D:1      | HP: 8/19 [hobgoblin/club (3)]
   433 | D:1      | Slain by a hobgoblin

Action                   || total
-------------------------++-------
Melee: Dagger            ||    29
       Bite              ||     2
 Cast: Corona            ||     4
 Stab: Sleeping          ||     4
Armor: Robe              ||     9
Dodge: Dodged            ||    36

Vault maps used:
D:1:      eino_arrival_cavern_a, minivault_4
